 Dungeon Crawl Stone Soup version 0.31-a0-210-gccc998df9b (webtiles) character file.

Game seed: 13018648313051143150

152 qw the Shooter (level 5, -2/30 HPs)
             Began as a Gargoyle Hexslinger on June 30, 2023.
             Killed from afar by an orc wizard (3 damage)
             ... with a magic dart
             ... on level 3 of the Dungeon.
             The game lasted 00:00:47 (1453 turns).

qw the Shooter (Gargoyle Hexslinger)                Turns: 1453, Time: 00:00:48

Health: -2/30      AC: 10    Str: 12    XL:     5   Next: 34%
Magic:  6/6        EV: 10    Int: 13    God:
Gold:   129        SH:  0    Dex: 14    Spells: 5/6 levels left

rFire   . . .        Y - +1 sling
rCold   . . .        (no shield)
rNeg    + . .        h - +0 ring mail
rPois   inf          (no helmet)
rElec   +            (no cloak)
rCorr   .            f - +0 pair of gloves
SInv    .            (no boots)
Will    .....        (no amulet)
Stlth   +            (no ring)
HPRegen 0.25/turn    (no ring)
MPRegen 0.10/turn

%: no passive effects
@: no status effects
A: sickness immunity, AC +4, negative energy resistance 1, electricity
resistance, torment resistance 1, petrification resistance
a: no special abilities


You were on level 3 of the Dungeon.
You visited 1 branch of the dungeon, and saw 3 of its levels.

You collected 129 gold pieces.


Innate Abilities, Weirdness & Mutations

You are immune to sickness and miasma.
Your stone body is resilient. (AC +4)
You are immune to poison.
You resist negative energy. (rN+)
You are resistant to electric shocks. (rElec)
You are resistant to unholy torment.
You are immune to petrification.


   Skills:
 + Level 2.0 Fighting
 - Level 5.0 Ranged Weapons
 - Level 1.0 Armour
 - Level 1.5 Dodging
 - Level 1.0 Spellcasting
 - Level 2.6 Hexes


You had 5 spell levels left.
You knew the following spells:

 Your Spells              Type           Power      Damage    Failure   Level
a - Slow                  Hex            28%        N/A       22%         1

Your spell library contained the following spells:

 Spells                   Type           Power      Damage    Failure   Level
 Inner Flame              Hex/Fire       4%         N/A       73%         3
 Portal Projectile        Hex/Tloc       8%         N/A       73%         3
 Cause Fear               Hex            3%         N/A       91%         4

Inventory:

Hand Weapons
 Y - a +1 sling (weapon)
Armour
 f - a +0 pair of gloves (worn)
 h - a +0 ring mail (worn)
Scrolls
 a - a scroll of identify
 c - a scroll of teleportation {unknown}
Potions
 b - a potion of curing
 e - a potion of might {unknown}

Dungeon Overview and Level Annotations

Branches:
Dungeon (3/15)

Altars:


Message History

The orc wizard hits you but does no damage.
The orc completely misses you. The orc barely misses you.
The orc priest calls upon Beogh to heal the orc wizard.
The orc wizard is healed somewhat.
You hear an angry hiss.
The orc shouts!
You shoot a sling bullet.
The sling bullet barely misses the orc wizard.
The sling bullet closely misses the orc priest.
The orc wizard gestures at you while chanting.
The puff of flame misses you. The orc hits you but does no damage.
You shoot a sling bullet. The sling bullet hits the orc wizard.
The orc wizard is heavily wounded.
The orc barely misses you.
The orc wizard gestures wildly while chanting.
The orc wizard flickers and vanishes!
Deactivating autopickup; reactivate with Ctrl-A.
The orc priest mumbles some strange prayers to Beogh against you.
An adder comes into view.
You shoot a sling bullet. The sling bullet hits the orc.
The orc is moderately wounded.
Something hits you but does no damage. The orc hits you with a +0 falchion.
You shoot a sling bullet. The sling bullet hits the orc.
The orc is severely wounded.
The orc priest invokes the aid of Beogh against you.
Beogh smites you! Something hits you but does no damage.
A frilled lizard comes into view.
The orc hits you but does no damage. Something hits you but does no damage.
The orc barely misses you.
The frilled lizard moves out of view.
You shoot a sling bullet. The sling bullet hits the orc.
You kill the orc!
You shoot a sling bullet.
The sling bullet barely misses the orc priest.
Something hits you but does no damage.
You shoot a sling bullet. The sling bullet barely misses the orc.
The sling bullet closely misses the orc priest.
The orc hits you with a +0 short sword.
You hear some strange, mumbled words.
A magic dart appears from out of thin air!
The magic dart hits you.
You die... .$.."# .....# .....# S.?..# oo... ooo

#####.. #####o# ......#
###...@{#
###########...###.$#
#######.....######..#
>........:...........$
####%....##########.###
#.#...# .# #..##### #
#.## #.


You could see an orc priest, an adder and 5 orcs.

Vanquished Creatures
  A scorpion (D:2)
  3 adders
  A worm (D:2)
  3 dart slugs (D:1)
  An orc (D:3)
  5 endoplasms
  3 giant cockroaches (D:1)
  9 hobgoblins
  6 jackals
  4 quokkas
  6 ball pythons
  2 bats (D:1)
  3 frilled lizards
  A goblin (D:2)
  2 kobolds
  4 rats
54 creatures vanquished.

Notes
Turn   | Place    | Note
-------+----------+-------------------------------------------
     0 | D:1      | qw the Gargoyle Hexslinger began the quest for the Orb.
     0 | D:1      | Reached XP level 1. HP: 12/12 MP: 2/2
     0 | D:1      | 0 ||| qw: Version: 0.3-a-26-gee661ec
     0 | D:1      | 0 ||| qw: Game counter: 7194
     0 | D:1      | 0 ||| qw: Melee chars always use a shield: true
     0 | D:1      | 0 ||| qw: God list: Okawaru
     0 | D:1      | 0 ||| qw: Allow faded altars: false
     0 | D:1      | 0 ||| qw: Do Orc after clearing Dungeon:15 true
     0 | D:1      | 0 ||| qw: Do second Lair branch before Depths: true
     0 | D:1      | 0 ||| qw: Lair rune preference: random
     0 | D:1      | 0 ||| qw: Goals: Normal
     0 | D:1      | 0 ||| PLANNING D:1-11
    29 | D:1      | Reached XP level 2. HP: 16/16 MP: 3/3
   103 | D:1      | Reached skill level 3 in Ranged Weapons
   137 | D:1      | 137 ||| Stepping ~*~*~tactically~*~*~ (outnumbered).
   139 | D:1      | 139 ||| Stepping ~*~*~tactically~*~*~ (outnumbered).
   172 | D:1      | Reached XP level 3. HP: 21/21 MP: 4/4
   180 | D:1      | You fall into a shaft and drop 1 floor!
   181 | D:2      | 181 ||| DROPPING scroll of poison.
   605 | D:2      | Reached XP level 4. HP: 20/26 MP: 5/5
   693 | D:2      | Reached skill level 4 in Ranged Weapons
   938 | D:2      | Noticed a scorpion
  1010 | D:2      | Killed a scorpion
  1011 | D:2      | Reached XP level 5. HP: 12/30 MP: 6/6
  1321 | D:2      | 1321 ||| UPGRADING to +0 pair of gloves.
  1326 | D:2      | 1326 ||| UPGRADING to +0 ring mail.
  1336 | D:2      | 1336 ||| DROPPING +0 robe.
  1337 | D:2      | 1337 ||| READING 3 scrolls labelled DAMPA SOCVYZENT.
  1338 | D:2      | 1338 ||| READING scroll labelled VER SOINUIGAYKH.
  1339 | D:2      | 1339 ||| DRINKING 2 blue potions.
  1345 | D:2      | 1345 ||| READING 2 scrolls of identify.
  1345 | D:2      | 1345 ||| IDENTIFYING bubbling brown potion
  1346 | D:2      | 1346 ||| DROPPING potion of ambrosia.
  1420 | D:3      | Reached skill level 1 in Armour
  1438 | D:3      | Reached skill level 5 in Ranged Weapons
  1450 | D:3      | HP: 2/30 [orc priest/divine providence (13)]
  1453 | D:3      | Killed from afar by an orc wizard

Levels and vault maps discovered:
D:1:      dpeg_arrival_connections, layout_rooms
D:2:      layout_basic
D:3:      layout_rooms, uniq_grinder

Skill      XL: |  1  2  3  4  5 |
---------------+----------------+-----
Ranged Weapons | 3 4 5 |  5.0
Fighting       | 2 |  2.0
Armour         | 1 |  1.0
Dodging        | |  1.5
Spellcasting   | |  1.0
Hexes          | |  2.6

Action                     |  1- 3 |  4- 6 || total
---------------------------+-------+-------++-------
   Fire: Sling             |   130 |    90 ||   220
    Use: Scroll            |       |     3 ||     3
         Potion            |       |     1 ||     1
 Armour: Robe              |    21 |     6 ||    27
         Ring mail         |       |    18 ||    18
  Dodge: Dodged            |    54 |    29 ||    83

Table legend:
 A = Non-vault XP
 B = Vault XP
 C = Vault XP percentage of total XP
 D = Non-vault monster count
 E = Vault monster count
 F = Vault count percentage of total count
                 A         B        C        D         E       F
            +---------+---------+-------+---------+---------+-------
      Total |     218 |       0 |   0.0 |      54 |       0 |   0.0
            +---------+---------+-------+---------+---------+-------
        D:1 |      56 |       0 |   0.0 |      29 |       0 |   0.0
        D:2 |     137 |       0 |   0.0 |      18 |       0 |   0.0
        D:3 |      25 |       0 |   0.0 |       7 |       0 |   0.0
            +---------+---------+-------+---------+---------+-------
